 Dungeon Crawl Stone Soup version 0.31-a0-246-g8cbcc1cb85 (webtiles) character file.

Game seed: 8363010435242688764

350 qw the Shooter (level 6, 0/37 HPs)
             Began as a Gargoyle Hexslinger on July 12, 2023.
             Slain by an orc
             ... wielding a +0 flail
              (6 damage)
             ... on level 5 of the Dungeon.
             The game lasted 00:01:24 (2658 turns).

qw the Shooter (Gargoyle Hexslinger)                Turns: 2658, Time: 00:01:25

Health: 0/37       AC: 11    Str: 11    XL:     6   Next: 60%
Magic:  7/7        EV: 10    Int: 14    God:
Gold:   61         SH:  0    Dex: 20    Spells: 6/7 levels left

rFire   . . .        Y - +1 sling
rCold   . . .        (no shield)
rNeg    + . .        c - +0 ring mail
rPois   inf          a - +0 helmet
rElec   +            (no cloak)
rCorr   .            (no gloves)
SInv    .            e - +0 pair of boots
Will    .....        (no amulet)
Stlth   +            g - +6 ring of dexterity
HPRegen 0.26/turn    (no ring)
MPRegen 0.10/turn

%: no passive effects
@: about to teleport
A: sickness immunity, AC +4, negative energy resistance 1, electricity
resistance, torment resistance 1, petrification resistance
a: no special abilities


You were on level 5 of the Dungeon.
You visited 1 branch of the dungeon, and saw 6 of its levels.

You collected 61 gold pieces.


Innate Abilities, Weirdness & Mutations

You are immune to sickness and miasma.
Your stone body is resilient. (AC +4)
You are immune to poison.
You resist negative energy. (rN+)
You are resistant to electric shocks. (rElec)
You are resistant to unholy torment.
You are immune to petrification.


   Skills:
 + Level 3.3 Fighting
 - Level 6.0 Ranged Weapons
 - Level 1.0 Armour
 - Level 1.5 Dodging
 - Level 1.0 Spellcasting
 - Level 2.6 Hexes


You had 6 spell levels left.
You knew the following spells:

 Your Spells              Type           Power      Damage    Failure   Level
a - Slow                  Hex            32%        N/A       21%         1

Your spell library contained the following spells:

 Spells                   Type           Power      Damage    Failure   Level
 Inner Flame              Hex/Fire       4%         N/A       71%         3
 Portal Projectile        Hex/Tloc       8%         N/A       71%         3
 Cause Fear               Hex            4%         N/A       90%         4

Inventory:

Hand Weapons
 Y - a +1 sling (weapon)
Armour
 a - a +0 helmet (worn)
 c - a +0 ring mail (worn)
 e - a +0 pair of boots (worn)
Jewellery
 g - a +6 ring of dexterity (left hand)
Scrolls
 b - a scroll of identify
 i - a scroll of teleportation
Potions
 d - a potion of haste
 f - a potion of heal wounds
 h - 2 potions of resistance
 j - a potion of curing
 k - a potion of enlightenment {unknown}

Dungeon Overview and Level Annotations

Branches:
Dungeon (6/15)
 Temple: D:4-7

Altars:
Kikubaaqudgha
The Shining One

Shops:
D:2 :


Message History

The black bear is moderately wounded.
The black bear barely misses you.
The black bear claws you but does no damage.
The black bear barely misses you. The orc hits you with a +0 whip.
The black bear bites you but does no damage.
The black bear claws you.
The black bear claws you but does no damage.
The orc priest casts a cantrip, but nothing happens.
You shoot a sling bullet.
The sling bullet barely misses the black bear.
The orc hits you with a +0 club. The orc barely misses you.
The black bear bites you. The black bear barely misses you.
The black bear claws you but does no damage.
You shoot a sling bullet. The sling bullet hits the black bear.
The black bear is heavily wounded.
The orc closely misses you. The black bear completely misses you.
The black bear barely misses you.
The black bear claws you but does no damage.
You shoot a sling bullet.
The sling bullet completely misses the black bear.
The black bear bites you but does no damage.
The black bear claws you.
The black bear claws you but does no damage.
The orc hits you with a +0 club. The orc hits you with a +0 whip.
The orc priest calls down the wrath of Beogh upon you.
Pain shoots through your body!
You shoot a sling bullet. The sling bullet hits the black bear.
The black bear is heavily wounded.
The black bear bites you. The black bear claws you.
The black bear barely misses you. The orc hits you but does no damage.
The orc priest hits you with a +0 whip. The orc hits you but does no damage.
The black bear bites you but does no damage.
The black bear claws you but does no damage.
The black bear closely misses you. The orc barely misses you.
The orc hits you with a +0 whip. The orc priest closely misses you.
2658 ||| READING 2 scrolls of teleportation.
As you read the scroll of teleportation, it crumbles to dust.
You feel strangely unstable. The orc hits you with a +0 flail.
You die...

......... ..
......... .#
........# ..#
........##..##
........#...>##
........<.....#
......ooo..#
#..h@o# #....##
.........
.......#..
....... #..
...#... ...
...#... .### ..
.... #


You could see a black bear, an orc priest and 3 orcs.

Vanquished Creatures
  An ogre (D:4)
  A phantom (D:3)
  A jelly (D:4)
  An iguana (D:4)
  Robin (D:4)
  3 adders
  2 worms (D:2)
  2 dart slugs
  5 orcs (D:3)
  7 ball pythons
  6 endoplasms
  A giant cockroach (D:1)
  17 goblins
  9 hobgoblins
  8 jackals
  5 quokkas
  6 bats
  2 frilled lizards (D:1)
  3 kobolds
  6 rats
87 creatures vanquished.

Notes
Turn   | Place    | Note
-------+----------+-------------------------------------------
     0 | D:1      | qw the Gargoyle Hexslinger began the quest for the Orb.
     0 | D:1      | Reached XP level 1. HP: 12/12 MP: 2/2
     0 | D:1      | 0 ||| qw: Version: 0.3-a-52-g30416fa
     0 | D:1      | 0 ||| qw: Game counter: 6516
     0 | D:1      | 0 ||| qw: Melee chars always use a shield: true
     0 | D:1      | 0 ||| qw: God list: Okawaru
     0 | D:1      | 0 ||| qw: Allow faded altars: false
     0 | D:1      | 0 ||| qw: Do Orc after clearing Dungeon:15 true
     0 | D:1      | 0 ||| qw: Do second Lair branch before Depths: true
     0 | D:1      | 0 ||| qw: Lair rune preference: random
     0 | D:1      | 0 ||| qw: Goals: Normal
     0 | D:1      | 0 ||| PLANNING D:1-11
   125 | D:1      | Reached XP level 2. HP: 16/16 MP: 3/3
   253 | D:1      | Reached skill level 3 in Ranged Weapons
   312 | D:1      | Reached XP level 3. HP: 7/21 MP: 4/4
   971 | D:1      | 971 ||| UPGRADING to +0 leather armour.
   981 | D:1      | 981 ||| DROPPING +0 robe.
   982 | D:1      | 982 ||| READING 3 scrolls labelled DACE EQAUTRI.
   983 | D:1      | 983 ||| READING 3 scrolls labelled LEIKHEKKIF.
   986 | D:1      | 986 ||| DRINKING 3 lumpy coppery potions.
   987 | D:1      | 987 ||| DROPPING 2 scrolls of immolation.
   988 | D:1      | 988 ||| DROPPING scroll of poison.
  1133 | D:2      | Found Ponkafes's Book Shop.
  1295 | D:2      | Reached XP level 4. HP: 26/26 MP: 5/5
  1344 | D:2      | 1344 ||| UPGRADING to +0 ring mail.
  1354 | D:2      | 1354 ||| DROPPING +0 leather armour.
  1355 | D:2      | 1355 ||| READING scroll labelled UXI AKUMUIKH.
  1356 | D:2      | 1356 ||| READING scroll labelled EBBENIBIAST.
  1357 | D:2      | 1357 ||| DRINKING 2 glowing blue potions.
  1358 | D:2      | 1358 ||| DRINKING 3 metallic cyan potions.
  1359 | D:2      | 1359 ||| DRINKING 2 sapphire potions.
  1376 | D:3      | 1376 ||| STAIRDANCE
  1400 | D:3      | Reached skill level 4 in Ranged Weapons
  1403 | D:3      | 1403 ||| STAIRDANCE
  1481 | D:3      | Reached skill level 1 in Armour
  1521 | D:3      | Found a faded altar of an unknown god.
  1628 | D:3      | Noticed a phantom
  1644 | D:3      | HP: 6/26 [adder (1)]
  1645 | D:3      | 1645 ||| READING 4 scrolls of teleportation.
  1645 | D:3      | HP: 2/26 [phantom (5)]
  1646 | D:3      | 1646 ||| DRINKING 3 potions of heal wounds.
  1788 | D:3      | Found a glowing golden altar of the Shining One.
  1948 | D:3      | Found a faded altar of an unknown god.
  1964 | D:3      | Found an ancient bone altar of Kikubaaqudgha.
  1966 | D:3      | 1966 ||| UPGRADING to +0 pair of boots.
  1971 | D:3      | 1971 ||| READING 2 scrolls of identify.
  1971 | D:3      | 1971 ||| IDENTIFYING glowing brown potion
  1972 | D:3      | 1972 ||| DROPPING potion of magic.
  2034 | D:3      | Killed a phantom
  2035 | D:3      | Reached skill level 5 in Ranged Weapons
  2035 | D:3      | Reached XP level 5. HP: 11/30 MP: 6/6
  2180 | D:4      | Noticed Robin
  2196 | D:4      | Killed Robin
  2246 | D:4      | 2246 ||| UPGRADING to +0 helmet.
  2257 | D:4      | 2257 ||| STAIRDANCE
  2366 | D:4      | Noticed an ogre
  2367 | D:4      | Reached skill level 3 in Fighting
  2367 | D:4      | Reached XP level 6. HP: 11/37 MP: 7/7
  2374 | D:4      | HP: 2/37 [iguana (8)]
  2375 | D:4      | 2375 ||| READING 3 scrolls of teleportation.
  2376 | D:4      | 2376 ||| DRINKING 2 potions of heal wounds.
  2484 | D:4      | 2484 ||| FLEEEEING.
  2485 | D:4      | 2485 ||| FLEEEEING.
  2486 | D:4      | 2486 ||| FLEEEEING.
  2496 | D:4      | 2496 ||| STAIRDANCE
  2551 | D:3      | 2551 ||| UPGRADING to +6 ring of dexterity.
  2581 | D:4      | Reached skill level 6 in Ranged Weapons
  2642 | D:4      | You fall into a shaft and drop 2 floors!
  2644 | D:6      | Noticed a black bear
  2645 | D:6      | 2645 ||| FLEEEEING.
  2646 | D:6      | 2646 ||| FLEEEEING.
  2647 | D:6      | 2647 ||| FLEEEEING.
  2648 | D:6      | 2648 ||| STAIRDANCE
  2649 | D:5      | Entered Level 5 of the Dungeon
  2657 | D:5      | HP: 5/37 [orc/+0 whip (5)]
  2658 | D:5      | 2658 ||| READING 2 scrolls of teleportation.
  2658 | D:5      | Slain by an orc

Levels and vault maps discovered:
D:1:      roderic_crossed_star, layout_basic, minmay_stone_trees_small
D:2:      layout_basic, serial_shops, shop
D:3:      layout_rooms, nicolae_overflow_ecumenical_swirl,
          mainiacjoe_overflow_tiny_flanked, ebering_ecumenical_altar_abandoned,
          chequers_avenue
D:4:      layout_basic, grunt_temple_overflow_open,
          minmay_misc_feat_more_columns, nicolae_hexahallways, minmay_pentangle,
          uniq_robin
D:5:      layout_cave_pools, nicolae_overflow_crystal_walls,
          chequers_serial_rivers_micro_a, nicolae_goblin_pals
D:6:      layout_loops_ring, minmay_temple_entry_fiery, nicolae_lava_and_water,
          due_unseen_surprise

Skill      XL: |  1  2  3  4  5  6 |
---------------+-------------------+-----
Ranged Weapons | 3 5 6 |  6.0
Fighting       | 2 3 |  3.3
Armour         | 1 |  1.0
Dodging        | |  1.5
Spellcasting   | |  1.0
Hexes          | |  2.6

Action                     |  1- 3 |  4- 6 || total
---------------------------+-------+-------++-------
   Fire: Sling             |   150 |   219 ||   369
    Use: Scroll            |     2 |     6 ||     8
         Potion            |     1 |     5 ||     6
 Armour: Robe              |    34 |       ||    34
         Leather armour    |     4 |       ||     4
         Ring mail         |       |   124 ||   124
  Dodge: Dodged            |    79 |   125 ||   204

Table legend:
 A = Non-vault XP
 B = Vault XP
 C = Vault XP percentage of total XP
 D = Non-vault monster count
 E = Vault monster count
 F = Vault count percentage of total count
                 A         B        C        D         E       F
            +---------+---------+-------+---------+---------+-------
      Total |     270 |     230 |  46.0 |      70 |      17 |  19.5
            +---------+---------+-------+---------+---------+-------
        D:1 |      55 |       0 |   0.0 |      32 |       0 |   0.0
        D:2 |      34 |       0 |   0.0 |      15 |       0 |   0.0
        D:3 |     167 |       0 |   0.0 |      21 |       0 |   0.0
        D:4 |      14 |     230 |  94.3 |       2 |      17 |  89.5
            +---------+---------+-------+---------+---------+-------
